 Dungeon Crawl Stone Soup version 0.31-a0-435-g2c6fae2916 (webtiles) character file.

Game seed: 8898776626569762287

21412 garrulousMonolith the Geomancer (level 12, -1/75 HPs)
             Began as a Gargoyle Earth Elementalist on Aug 1, 2023.
             Was an Initiate of Gozag.
             Slain by a cane toad (13 damage)
             ... on level 3 of the Lair of Beasts.
             The game lasted 00:29:40 (20182 turns).

garrulousMonolith the Geomancer (GrEE)             Turns: 20182, Time: 00:29:41

Health: -1/75      AC: 21    Str: 12    XL:     12   Next: 89%
Magic:  2/23       EV: 16    Int: 21    God:    Gozag
Gold:   1767       SH:  6    Dex: 10    Spells: 11/25 levels left

rFire   . . .        D - +1 whip (venom)
rCold   . . .        G - +2 buckler {reflect}
rNeg    + . .        y - +0 acid dragon scales
rPois   ∞            p - +0 helmet
rElec   +            (no cloak)
rCorr   +            z - +0 pair of gloves
SInv    .            e - +0 pair of boots
Will    .....        (no amulet)
Stlth   +            h - +5 ring of evasion
HPRegen 0.32/turn    (no ring)
MPRegen 0.18/turn

%: reflection
@: gold aura, studying Dodging
A: sickness immunity, AC +8, negative energy resistance 1, electricity
resistance, torment resistance 1, petrification resistance
a: Renounce Religion, Potion Petition, Call Merchant, Bribe Branch


You were on level 3 of the Lair of Beasts.
You worshipped Gozag.
Gozag was most pleased with you.
You visited 3 branches of the dungeon, and saw 16 of its levels.
You also visited: Sewer and Ossuary.

You collected 2303 gold pieces.
You spent 411 gold pieces at shops.
You paid 125 gold pieces to Gozag.

Inventory:

Hand Weapons
 s - a +3 vampiric trident
 D - a +1 whip of venom (weapon)
 F - a +1 whip of electrocution
Missiles
 w - 6 javelins
 x - 34 poisoned darts (quivered)
 H - 3 datura-tipped darts
Armour
 a - a +0 robe of willpower
 e - a +0 pair of boots (worn)
 p - a +0 helmet (worn)
 y - +0 acid dragon scales (worn)
 z - a +0 pair of gloves (worn)
 G - a +2 buckler of reflection (worn)
Magical Staves
 E - a staff of conjuration
Jewellery
 f - a ring of fire
 h - a +5 ring of evasion (left hand)
Wands
 l - a wand of polymorph (21)
 m - a wand of mindburst (24)
 C - a wand of iceblast (6)
 K - a wand of charming (8)
Scrolls
 b - 3 scrolls of immolation
 c - a scroll of identify
 g - 2 scrolls of enchant armour
 i - 4 scrolls of revelation
 k - 6 scrolls of teleportation
 n - a scroll of brand weapon
 q - a scroll of vulnerability
 v - 2 scrolls of blinking
 M - a scroll of amnesia
Potions
 d - 5 potions of might
 o - 4 potions of lignification
 r - a potion of brilliance
 t - a potion of haste
 u - 3 potions of resistance
 A - 3 potions of ambrosia
 B - a potion of berserk rage
 J - 2 potions of cancellation
 L - 3 potions of curing


   Skills:
 + Level 8.9 Fighting
 + Level 8.5 Armour
 - Level 2.1 Dodging
 - Level 2.1 Stealth
 - Level 4.0 Shields
 + Level 7.4 Spellcasting
 * Level 11.8 Conjurations
 - Level 2.0 Transmutations
 * Level 13.6 Earth Magic


You had 11 spell levels left.
You knew the following spells:

 Your Spells              Type           Power      Damage    Failure   Level
a - Sandblast             Erth           100%       2d20      1%          1
b - Stone Arrow           Conj/Erth      100%       3d13      1%          3
c - Passwall              Tmut/Erth      33%        N/A       1%          2
d - Petrify               Tmut/Erth      40%        N/A       6%          4
e - Flame Wave            Conj/Fire      32%        2d9       14%         4

Your spell library contained the following spells:

 Spells                   Type           Power      Damage    Failure   Level
 Magic Dart               Conj           100%       1d8       1%          1
 Momentum Strike          Conj/Tloc      64%        3d9       2%          2
 Dazzling Flash           Conj/Hex       64%        N/A       4%          3
 Mephitic Cloud           Conj/Pois/Air  24%        N/A       10%         3
 Wereblood                Tmut           16%        N/A       11%         2
 Blink                    Tloc           14%        N/A       24%         2
 Call Imp                 Summ           14%        N/A       24%         2
 Lesser Beckoning         Tloc           14%        N/A       24%         2
 Scorch                   Fire           14%        2d5       24%         2
 Irradiate                Conj/Tmut      18%        3d17      26%         5
 Arcjolt                  Conj/Air       16%        1d26      36%         5
 Vhi's Electric Charge    Tloc/Air       14%        N/A       43%         3
 Volatile Blastmotes      Fire/Tloc      14%        2d11      43%         3
 Starburst                Conj/Fire      16%        6d6       91%         6
 Plasma Beam              Fire/Air       3%         2x1d13    100%        6
 Summon Cactus Giant      Summ           3%         N/A       100%        6
 Summon Hydra             Summ           3%         N/A       100%        7
 Maxwell's Capacitive Co  Air            3%         ∞         100%        8
 Sublimation of Blood     Necr           Unusable   N/A       N/A         2

Dungeon Overview and Level Annotations

Branches:
Dungeon (12/15)            Temple (1/1) D:7            Lair (3/5) D:10
    Orc (0/2) D:11          Sewer (visited)         Ossuary (visited)
  Swamp: Lair:2-3    Shoals: Lair:2-3     Snake: Lair:2-3    Spider: Lair:2-3

Altars:
Ashenzari
Cheibriados
Dithmenos
Elyvilon
Fedhas
Gozag
Hepliaklqana
Kikubaaqudgha
Makhleb
Nemelex Xobeh
Okawaru
Qazlal
Ru
Sif Muna
Trog
Uskayaw
Vehumet
Wu Jian
Xom
Yredelemnul
Zin
The Shining One

Shops:
D:2 [[[*[   D:10 ?

Annotations:
Lair:1 exclusion: 3 oklob plants


Innate Abilities, Weirdness & Mutations

You are immune to sickness and miasma.
Your stone body is resilient. (AC +8)
You are immune to poison.
You resist negative energy. (rN+)
You are resistant to electric shocks. (rElec)
You are resistant to unholy torment.
You are immune to petrification.


Message History

The cane toad stings you! The cane toad barely misses you.
The cane toad attacks as you move away!
The cane toad stings you but does no damage.
The cane toad attacks as you move away! The cane toad barely misses you.
The cane toad attacks as you move away! The cane toad barely misses you.
The cane toad attacks as you move away! You block the cane toad's attack.
The cane toad closely misses you. The cane toad attacks as you move away!
The cane toad barely misses you.
A yak comes into view.
The yak bellows!
A yak comes into view.
The yak moves out of view.
A yak comes into view.
The yak bellows!
The cane toad attacks as you move away! The cane toad misses you.
The yak bellows!
You hear a loud, deep croak!
The cane toad attacks as you move away! The cane toad stings you!
The cane toad stings you but does no damage.
The cane toad attacks as you move away! The cane toad closely misses you.
You kill the cane toad!
The cane toad attacks as you move away! You block the cane toad's attack.
Casting: Sandblast (safe; 1% risk of failure)
Confirm with . or Enter, or press ? or * to list all spells.
Aiming: Sandblast (safe; 1% risk of failure)
Press: ? - help, Shift-Dir - straight line, f - cane toad
Aim: a cane toad (87% to hit)
The blast of sand hits the cane toad but does no damage.
The cane toad stings you!
* * * LOW HITPOINT WARNING * * *
You block the cane toad's attack.
Casting: Sandblast (safe; 1% risk of failure)
Confirm with . or Enter, or press ? or * to list all spells.
Aiming: Sandblast (safe; 1% risk of failure)
Press: ? - help, Shift-Dir - straight line, f/p - cane toad
Aim: a cane toad (87% to hit)
The blast of sand hits the cane toad!
The cane toad is moderately wounded.
The cane toad stings you!
You die...
Your body crumbles into a pile of gold.

#. #...## #.#
PP...# ##.. P....#
.####...
##....###...#.#..
.....P.#........
#...............
###...P#..P.......
#@F..# #........
###..## ##.......
##..$####.......<
#...P.##.#.......
#P.............$$
#......#####P.#.$
##..Y..# ####$$
#.....Y.# ##.
##P.....# #.


You could see a cane toad.

Vanquished Creatures
  Erolcha (D:10)
  3 boulder beetles
  A skyshark (Lair:1)
  A cyclops (D:11)
  Joseph (D:10)
  3 black mambas (Lair:1)
  3 kobold demonologists
  10 cane toads
  A torpor snail (Lair:1)
  Maggie (D:6)
  4 komodo dragons
  A polar bear (Lair:2)
  A hornet (D:11)
  Grinder (D:6)
  A troll (D:11)
  3 dream sheep (Lair:1)
  A shadow (D:7)
  2 wraiths (D:10)
  5 wyverns
  17 yaks
  2 basilisks
  A steam dragon (D:6)
  A warg (D:11)
  3 swamp worms (D:10)
  An acid dragon (D:10)
  9 water moccasins
  2 ice beasts
  5 orc warriors
  2 black bears
  A sky beast (D:7)
  3 centaurs
  2 phantoms (D:5)
  4 kobold brigands
  2 elf zombies (Ossuary)
  6 bullfrogs
  Blork the orc (D:6)
  A gnoll sergeant (D:7)
  2 scorpions
  10 wights
  6 howler monkeys
  A centaur zombie (Ossuary)
  3 hounds
  2 jellies
  6 orc priests
  8 iguanas
  9 orc wizards
  4 sleepcaps
  3 gnoll boudas
  4 hell rats (Lair:3)
  3 mummies
  12 adders
  20 gnolls
  2 shadow imps
  A white imp (D:6)
  3 ufetubi (D:5)
  7 worms
  3 dart slugs
  49 orcs
  9 bats
  8 endoplasms
  A giant cockroach (D:1)
  3 gnoll zombies (Ossuary)
  18 goblins
  19 hobgoblins
  13 jackals
  3 quokkas
  14 ball pythons
  9 frilled lizards
  6 goblin zombies (Ossuary)
  3 hobgoblin zombies
  28 kobolds
  A kobold zombie (D:8)
  12 rats
412 creatures vanquished.

Notes
Turn   | Place    | Note
-------+----------+-------------------------------------------
     0 | D:1      | garrulousMonolith the Gargoyle Earth Elementalist began the
                  | quest for the Orb.
     0 | D:1      | Reached XP level 1. HP: 10/10 MP: 3/3
   176 | D:1      | Reached skill level 1 in Transmutations
   204 | D:1      | Reached XP level 2. HP: 10/15 MP: 3/5
   361 | D:1      | Reached skill level 4 in Earth Magic
   475 | D:1      | Reached XP level 3. HP: 20/20 MP: 4/6
   479 | D:1      | Learned a level 3 spell: Stone Arrow
   482 | D:1      | Learned a level 2 spell: Passwall
   689 | D:1      | Reached skill level 1 in Fighting
  1238 | D:2      | Reached skill level 1 in Conjurations
  1246 | D:2      | Found Sunem's Antique Armour Shoppe.
  1338 | D:2      | Found Vulew's Antique Armour Shop.
  1385 | D:2      | Reached XP level 4. HP: 25/25 MP: 1/7
  1486 | D:2      | Identified the +5 hand axe "Fifukk" {holy, rElec rPois rN+
                  | Str-4 Stlth+}
  1816 | D:2      | Found Oxofen's Antique Armour Emporium.
  1980 | D:2      | Found Wioloasott's Armour Emporium.
  2108 | D:2      | Found Fics's Assorted Antiques.
  2617 | D:3      | Found a hide-covered altar of Uskayaw.
  2742 | D:3      | Reached XP level 5. HP: 30/30 MP: 3/8
  2894 | D:3      | Found a glowing drain.
  2903 | Sewer    | Entered a sewer
  3483 | D:3      | You fall into a shaft and drop 3 floors!
  3525 | D:6      | Noticed an orc warrior
  3572 | D:6      | Reached skill level 5 in Earth Magic
  3692 | D:5      | Entered Level 5 of the Dungeon
  3723 | D:5      | Noticed a phantom
  3949 | D:5      | Noticed a water moccasin
  3990 | D:5      | Reached XP level 6. HP: 35/35 MP: 7/10
  4172 | D:3      | Found a glowing silver altar of Zin.
  4504 | D:4      | Reached skill level 1 in Armour
  4530 | D:4      | Noticed a black bear
  4534 | D:4      | Killed a black bear
  4681 | D:4      | Found a shimmering altar of Xom.
  4931 | D:4      | Reached XP level 7. HP: 40/40 MP: 4/11
  5056 | D:4      | Found a basalt altar of Yredelemnul.
  5109 | D:4      | Reached skill level 6 in Earth Magic
  5486 | D:5      | Found a bloodstained altar of Trog.
  5850 | D:5      | Reached XP level 8. HP: 46/46 MP: 6/13
  5977 | D:5      | Found a shimmering altar of Xom.
  6165 | D:5      | Reached skill level 7 in Earth Magic
  6432 | D:5      | Reached skill level 5 in Conjurations
  7391 | D:6      | Noticed Grinder
  7408 | D:6      | Killed Grinder
  7409 | D:6      | Reached skill level 8 in Earth Magic
  7409 | D:6      | Reached XP level 9. HP: 48/52 MP: 0/15
  7414 | D:6      | Learned a level 4 spell: Petrify
  7449 | D:6      | Noticed Maggie
  7473 | D:6      | Killed Maggie
  7786 | D:6      | Noticed Blork the orc
  7790 | D:6      | Killed Blork the orc
  8166 | D:6      | Reached skill level 5 in Fighting
  9120 | D:7      | Reached skill level 9 in Earth Magic
  9416 | D:7      | Reached skill level 5 in Armour
  9583 | D:7      | Reached skill level 5 in Spellcasting
  9583 | D:7      | Reached XP level 10. HP: 60/60 MP: 6/17
  9717 | D:7      | Found a staircase to the Ecumenical Temple.
  9824 | Temple   | Entered the Ecumenical Temple
  9866 | Temple   | Became a worshipper of Gozag Ym Sagoz the Greedy
 10120 | D:2      | Bought a runed buckler for 187 gold pieces
 10276 | D:8      | Found a sand-covered staircase.
 10320 | Ossuary  | Entered an ossuary
 10659 | D:8      | Reached skill level 10 in Earth Magic
 10701 | D:8      | Reached skill level 1 in Shields
 10905 | D:8      | Noticed a boulder beetle
 11042 | D:8      | Killed a boulder beetle
 11994 | D:9      | Found an ancient bone altar of Kikubaaqudgha.
 12069 | D:9      | Found a blossoming altar of Fedhas.
 13300 | D:2      | Bought a brightly glowing leather armour for 182 gold
                  | pieces
 13300 | D:2      | Identified the +0 leather armour "Beorrem" {rElec rPois
                  | Str-4 Dex+6} (You bought it in a shop on level 2 of the
                  | Dungeon)
 13453 | D:10     | Entered Level 10 of the Dungeon
 13483 | D:10     | Noticed a kobold demonologist
 13495 | D:10     | Noticed a smoke demon
 13614 | D:10     | Noticed Joseph
 13620 | D:10     | Killed Joseph
 13829 | D:10     | Reached XP level 11. HP: 58/66 MP: 9/19
 13892 | D:10     | Reached skill level 11 in Earth Magic
 14144 | D:10     | Found Myunotux's Magic Scroll Emporium.
 14175 | D:10     | Bought a scroll of teleportation for 42 gold pieces
 14253 | D:10     | Found a staircase to the Lair.
 14474 | D:10     | Noticed Erolcha
 14477 | D:10     | Killed Erolcha
 15268 | D:11     | Reached skill level 10 in Conjurations
 15525 | D:11     | Found a staircase to the Orcish Mines.
 15614 | D:11     | Reached skill level 12 in Earth Magic
 15939 | D:11     | Noticed a cyclops
 15955 | D:11     | Killed a cyclops
 16097 | D:11     | Noticed a boulder beetle
 16118 | D:11     | Killed a boulder beetle
 16827 | D:10     | Reached XP level 12. HP: 73/73 MP: 14/21
 16868 | Lair:1   | Entered Level 1 of the Lair of Beasts
 17485 | Lair:1   | Noticed a skyshark
 17604 | Lair:1   | Killed a skyshark
 17927 | Lair:1   | Noticed a catoblepas
 18259 | Lair:1   | Learned a level 4 spell: Flame Wave
 18584 | Lair:2   | Reached skill level 13 in Earth Magic
 19012 | Lair:2   | Noticed a boulder beetle
 19030 | Lair:2   | Killed a boulder beetle
 20182 | Lair:3   | Slain by a cane toad

Illustrated notes

Levels and vault maps discovered:
D:1:      nagdon_arrival_double_spiral, layout_loops_ring
D:2:      layout_basic, serial_aquarium, aquarium_bridge_square
          [aquarium_subvault_bridge, aquarium_subvault_bridge,
          aquarium_subvault_bridge, aquarium_subvault_balcony],
          aquarium_bridge_square [aquarium_subvault_bridge,
          aquarium_subvault_bridge, aquarium_subvault_wall,
          aquarium_subvault_wall], aquarium_window_corridor_1,
          aquarium_window_corner, aquarium_view_2e, aquarium_view_2c,
          aquarium_pool_1, serial_shops, nicolae_shop_scrapyard,
          nicolae_shop_tiny_real_fake_doors, shop, shop, shop, st_stairs_14
D:3:      layout_rooms, mainiacjoe_overflow_large_starburst,
          lightli_sewer_entry_pipes, serial_bayou_lagoon_a
D:4:      layout_cave_pools, tgw_xom, amcnicky_altar_gilded,
          chequers_serial_rivers_micro_c
D:5:      layout_basic, hangedman_feature_mirror, minmay_manual_mail
D:6:      corexii_shantytown, layout_basic, uniq_grinder, uniq_maggie,
          uniq_blork_the_orc
D:7:      cheibrodos_quashed, layout_loops_ring,
          minmay_temple_entry_purple_smoke
D:8:      layout_loops_ring, nicolae_ossuary_entry_giza
D:9:      layout_layer_cave, kiku_gazebo_pond_becter,
          mainiacjoe_overflow_alcove_4
D:10:     layout_irregular_city, minmay_lair_entry_grove, serial_shops,
          nicolae_shop_tiny_statue_garden, chequers_serial_rivers_room_a,
          worms_lemuel, uniq_joseph, uniq_erolcha
D:11:     layout_long_grid, erik_orc_4, serial_co_window_serial,
          co_window_corner_a, co_window_corner_a, co_window_corner_a,
          co_window_paths_a, co_window_paths_b, co_window_broadway_c,
          co_window_2corner, co_window_paths_c, co_window_paths_c,
          glass_columns_c, glass_columns_b, glass_columns_b, glass_columns_a,
          glass_columns_c
D:12:     layout_basic, palyth_stone_intersect, nicolae_wooded_promenade,
          nicolae_hepliaklqana_monster_ancestors, uniq_nergalle, uniq_josephine,
          uniq_sonja
Temple:   nicolae_temple_slightly_damp_pantheon
Lair:1:   minmay_lair_oklob_chamber, layout_long_grid, serial_bayou_shore_b,
          lemuel_fruit_fields
Lair:2:   layout_gridlike, wad_woods_06, serial_bayou_shore_b
Lair:3:   layout_chaotic_city, nicolae_swamp_entry_splash_gauntlet,
          guppyfry_snake_entry_island, serial_forest,
          infiniplex_forest_clump_tiny, infiniplex_forest_clump_cross,
          infiniplex_forest_straight_4, infiniplex_forest_lined_3,
          infiniplex_forest_clump_tiny, infiniplex_forest_lined_corner,
          infiniplex_forest_clump_small, infiniplex_forest_corner_2,
          beast_lair_carwin_10

Skill      XL: |  1  2  3  4  5  6  7  8  9 10 11 12 |
---------------+-------------------------------------+-----
Transmutations | 1 2 |  2.0
Earth Magic    | 4 5 6 8 9 10 12 13 | 13.6
Fighting       | 1 2 3 4 5 6 7 8 |  8.9
Conjurations   | 1 2 3 4 5 7 9 10 11 | 11.8
Dodging        | 2 |  2.1
Armour         | 1 2 3 5 6 7 8 |  8.5
Spellcasting   | 3 4 5 6 7 |  7.4
Shields        | 2 4 |  4.0
Stealth        | |  2.1

Action                     |  1- 3 |  4- 6 |  7- 9 | 10-12 || total
---------------------------+-------+-------+-------+-------++-------
  Melee: Unarmed           |     4 |       |       |       ||     4
         Short sword       |     7 |    19 |    52 |       ||    78
         Hand axe          |       |     1 |       |       ||     1
         Punch             |       |       |     1 |       ||     1
         Whip              |       |       |    13 |   114 ||   127
   Cast: Sandblast         |    55 |   135 |   174 |   248 ||   612
         Stone Arrow       |       |    10 |    62 |   166 ||   238
  Evoke: Wand              |       |       |     5 |     3 ||     8
    Use: Scroll            |       |     9 |     4 |    13 ||    26
         Potion            |       |     2 |     4 |     2 ||     8
 Armour: Robe              |     7 |    20 |    27 |       ||    54
         Leather armour    |       |    12 |       |       ||    12
         Acid dragon scale |       |       |    15 |   126 ||   141
  Dodge: Dodged            |    23 |   121 |   160 |   235 ||   539
  Block: Buckler           |       |       |       |   100 ||   100
         Reflection        |       |       |       |     5 ||     5

Table legend: (Time is in decaauts)
 A = Elapsed time spent in this place.
 B = Non-inter-level travel time spent in this place.
 C = Inter-level travel time spent in this place.
 D = Time resting spent in this place.
 E = Time spent auto-exploring this place.
 F = Levels seen in this place.
 G = Mean time per level.
                   A        B        C        D        E       F      G
               +--------+--------+--------+--------+--------+-----+--------+
         Total |  20703 |  19570 |   1133 |   4268 |  12139 |  18 | 1150.2 |
       Dungeon |  16411 |  15377 |   1034 |   3545 |   9340 |  12 | 1367.6 |
        Temple |     61 |     42 |     19 |      0 |      0 |   1 |   61.0 |
          Lair |   3365 |   3286 |     79 |    668 |   2191 |   3 | 1121.7 |
         Sewer |    522 |    522 |      0 |      4 |    386 |   1 |  522.0 |
       Ossuary |    342 |    342 |      0 |     50 |    220 |   1 |  342.0 |
               +--------+--------+--------+--------+--------+-----+--------+

Top non-repeatable levels by time:
     D:6: 2240 daAuts
    D:11: 1787 daAuts
  Lair:1: 1723 daAuts
     D:5: 1691 daAuts
     D:9: 1602 daAuts
    D:10: 1582 daAuts
  Lair:2: 1446 daAuts
     D:2: 1328 daAuts
     D:7: 1300 daAuts
     D:1: 1275 daAuts
     D:4: 1265 daAuts
     D:8: 1234 daAuts
     D:3: 1099 daAuts
   Sewer: 522 daAuts
 Ossuary: 342 daAuts
